Map: 锈化山巅-天梯版

Players

JieShi

  • Race: Protoss Protoss
  • League: Master

iGCoffeeMs (Coffee) - Winner!

  • Race: Terran Terran
  • League: Master

Event: DreamHack SC2 Masters 2021 Summer

VOD

Have the link to the VOD?

Description

Time

  • Played on: May 27, 2021, 7:09 a.m.
  • Length: 6:54

All games in this series

Show
View Real Time Build Order
Export as new Build Order

JieShi Protoss 

Build Orders: 1 Gate Expand, Phoenix Opening, Colossus Rush 

Get SALT Encoding   

  12  0:00  Probe  
  13  0:12  Probe  
  14  0:17  Pylon  
  14  0:25  Probe (Chrono Boost)  
  15  0:37  Probe (Chrono Boost), Gateway  
  16  0:44  Probe (Chrono Boost)  
  16  0:48  Assimilator  
  17  0:51  Probe  
  18  1:03  Probe  
  19  1:15  Probe  
  20  1:23  Nexus  
  20  1:32  Cybernetics Core  
  20  1:35  Probe  
  21  1:40  Assimilator  
  21  1:47  Probe  
  21  1:51  Pylon  
  22  1:59  Probe  
  23  2:06  Adept (Chrono Boost)  
  23  2:11  Probe  
  26  2:15  Stargate  
  26  2:23  Probe, Warp Gate  
  26  2:26  Adept (Chrono Boost)  
  28  2:36  Probe (Chrono Boost)  
  28  2:37  Probe (Chrono Boost)  
  29  2:50  Probe (Chrono Boost), Adept  
  33  2:53  Probe (Chrono Boost)  
  33  2:59  Probe x2  
  33  3:00  Phoenix (Chrono Boost)  
  37  3:11  Probe, Pylon  
  37  3:12  Probe  
  39  3:22  Phoenix (Chrono Boost)  
  39  3:24  Probe x2  
  43  3:37  Probe x2  
  43  3:40  Phoenix  
  47  3:48  Gateway  
  47  3:49  Probe  
  47  3:50  Probe  
  47  3:52  Robotics Facility  
  49  3:56  Gateway  
  49  4:01  Probe  
  49  4:02  Probe  
  51  4:03  Assimilator  
  51  4:07  Assimilator  
  51  4:09  Pylon  
  51  4:13  Phoenix  
  51  4:15  Probe  
  54  4:20  Shield Battery  
  54  4:27  Probe x2  
  56  4:36  Pylon  
  58  4:39  Probe x2, Observer (Chrono Boost)  
  58  4:44  Robotics Bay  
  59  4:47  Pylon  
  59  4:51  Probe  
  59  4:52  Phoenix  
  62  5:00  Immortal (Chrono Boost)  
  62  5:03  Probe  
  67  5:11  Pylon  
  67  5:22  Stalker x2  
  67  5:23  Stalker  
  67  5:26  Phoenix  
  67  5:27  Pylon  
  75  5:31  Pylon  
  75  5:43  Colossus (Chrono Boost)  
  75  5:44  Pylon  
  75  5:47  Zealot x3  
  75  6:00  Observer  
  69  6:08  Stalker x2  
  69  6:09  Stalker  
  75  6:26  Phoenix  
  75  6:28  Gateway  
  75  6:31  Gateway  
  77  6:33  Zealot x3  
Show
View Real Time Build Order
Export as new Build Order

iGCoffeeMs Terran - Winner!

Build Orders: Reaper Expand 

Get SALT Encoding   

  12  0:00  SCV  
  13  0:12  SCV  
  14  0:17  Supply Depot  
  14  0:24  SCV  
  15  0:38  SCV  
  15  0:39  Barracks  
  16  0:43  Refinery  
  16  0:50  SCV  
  17  1:02  SCV  
  18  1:15  SCV  
  19  1:27  Reaper, Orbital Command  
  20  1:41  Command Center  
  20  1:51  Supply Depot  
  20  1:53  SCV  
  21  1:58  Marine  
  22  2:05  SCV  
  23  2:09  Factory  
  23  2:15  Refinery  
  23  2:17  SCV  
  23  2:21  Barracks Reactor  
  24  2:29  SCV  
  25  2:36  Barracks  
  25  2:41  SCV  
  26  2:49  Barracks  
  26  2:53  Factory Tech Lab  
  26  2:54  SCV  
  27  3:00  Orbital Command  
  27  3:05  Marine x2  
  27  3:09  SCV  
  30  3:15  Cyclone  
  33  3:23  Marine x2  
  35  3:27  Barracks Tech Lab  
  35  3:28  SCV  
  35  3:33  SCV  
  37  3:40  Barracks Tech Lab  
  37  3:42  SCV, Marine x2  
  37  3:45  Supply Depot  
  37  3:47  Stimpack  
  40  3:49  SCV  
  40  3:51  Siege Tank  
  40  3:53  Marine  
  45  3:55  SCV  
  46  4:06  SCV, Marine x2, Combat Shield  
  46  4:08  Supply Depot  
  46  4:09  Marine  
  50  4:13  Marine  
  50  4:14  SCV  
  50  4:16  Supply Depot  
  52  4:18  SCV  
  53  4:26  SCV  
  53  4:28  Supply Depot  
  53  4:29  Marine x2  
  53  4:30  Siege Tank  
  58  4:32  SCV  
  58  4:34  Marine  
  58  4:35  Marine  
  61  4:39  Supply Depot  
  61  4:42  SCV  
  61  4:44  SCV  
  63  4:48  Marine  
  63  4:49  Marine  
  63  4:51  Marine  
  66  4:53  Refinery, Marine  
  66  4:56  Starport  
  66  4:58  SCV  
  66  4:59  SCV  
  69  5:02  Supply Depot  
  69  5:07  Marine x2  
  69  5:09  Marine, Siege Tank  
  69  5:13  SCV  
  76  5:15  SCV  
  76  5:18  Marine  
  75  5:25  SCV, Marine x2  
  75  5:27  Marine  
  75  5:28  SCV  
  77  5:32  Starport Reactor  
  77  5:37  SCV  
  77  5:40  SCV  
  73  5:50  Marine  
  74  5:59  Marine x2  
  74  6:01  SCV  
  74  6:02  Marine  
  74  6:03  Siege Tank  
  76  6:04  Bunker  
  76  6:05  SCV, Bunker  
  76  6:08  Marine  
  76  6:10  Bunker  
  77  6:11  Bunker  
  77  6:14  Supply Depot  
  77  6:22  Marine  
  77  6:23  Marine  
  79  6:25  SCV  
  79  6:26  Marine x2  
  79  6:32  SCV  
  82  6:36  Supply Depot  
Tags
 
Add a new tag
Caveats
  • Supply blocks, unpowered buildings, or Contaminate may cause inaccurate times.
  • Supply counts are checked every 10 seconds.